 Dungeon Crawl Stone Soup version 0.30-a0-1053-gbd8d5ba0ad (webtiles) character file.

Game seed: 11763826432366123085

1084 mdonais the Trooper (level 8, -11/70 HPs)
             Began as a Yellow Draconian Delver on Apr 11, 2023.
             Was a Believer of Vehumet.
             Killed from afar by a steam dragon (17 damage)
             ... with a ball of steam
             ... on level 5 of the Dungeon.
             The game lasted 00:27:33 (5565 turns).

mdonais the Trooper (Yellow Draconian Delver)       Turns: 5565, Time: 00:27:34

Health: -11/70     AC:  7    Str: 15    XL:     8   Next: 8%
Magic:  12/12      EV: 13    Int: 16    God:    Vehumet [**....]
Gold:   169        SH:  0    Dex: 15    Spells: 10/13 levels left

rFire   . . .      SeeInvis .    a - +0 falchion
rCold   . . .      Faith    .    (no shield)
rNeg    . . .      Spirit   .    (body armour unavailable)
rPois   .          Reflect  .    (helmet restricted)
rElec   .          Rampage  .    (no cloak)
rCorr   +                        n - +0 pair of gloves
Will    .....                    (no boots)
Stlth   +++                      (no amulet)
HPRegen 0.31/turn                J - +6 ring of intelligence
MPRegen 0.13/turn                y - +4 ring of slaying

@: brilliant, short of breath, attractive
A: spit acid, AC +6, unfitting armour, cold-blooded, acid resistance
a: Breathe Acid, Renounce Religion


You were on level 5 of the Dungeon.
You worshipped Vehumet.
Vehumet was pleased with you.
You visited 1 branch of the dungeon, and saw 6 of its levels.

You collected 169 gold pieces.

Inventory:

Hand Weapons
 a - a +0 falchion (weapon)
 b - a +0 dagger
   (You took it off a kobold on level 1 of the Dungeon)
 l - a +0 short sword
   (You took it off a kobold on level 1 of the Dungeon)
 K - a +0 shortbow
   (You took it off a centaur on level 6 of the Dungeon)
Missiles
 t - 8 boomerangs (quivered)
 F - 2 poisoned darts
Armour
 n - a +0 pair of gloves (worn)
   (You found it on level 4 of the Dungeon)
Jewellery
 y - a +4 ring of slaying (right hand)
   (You found it on level 5 of the Dungeon)
 C - a ring of magical power
   (You found it on level 3 of the Dungeon)
 E - a ring of fire
   (You found it on level 4 of the Dungeon)
 J - a +6 ring of intelligence (left hand)
   (You found it on level 5 of the Dungeon)
Wands
 z - a wand of charming (9)
   (You found it on level 2 of the Dungeon)
 D - a wand of digging (3)
 I - a wand of iceblast (11)
   (You found it on level 3 of the Dungeon)
 V - a wand of flame (25)
   (You found it on level 4 of the Dungeon)
Scrolls
 d - 2 scrolls of fear
 h - a scroll of brand weapon {unknown}
 m - a scroll of enchant armour {unknown}
 o - 5 scrolls of identify {unknown}
 p - 2 scrolls of blinking {unknown}
 q - 3 scrolls of fog
 r - 2 scrolls of vulnerability {unknown}
 w - 2 scrolls of enchant weapon {unknown}
 x - a scroll of amnesia {unknown}
 A - 2 scrolls of teleportation {unknown}
 B - a scroll of poison {unknown}
 H - 2 scrolls of torment {unknown}
 M - 2 scrolls of magic mapping
Potions
 c - a potion of magic {unknown}
 e - 2 potions of lignification {unknown}
 f - 3 potions of attraction
 g - 2 potions of brilliance
 i - 2 potions of berserk rage {unknown}
 j - a potion of mutation {unknown}
 k - 2 potions of curing {unknown}
 s - 2 potions of might {unknown}
 u - a potion of invisibility {unknown}
 v - 2 potions of heal wounds {unknown}
 G - a potion of resistance {unknown}


   Skills:
 - Level 6.0 Fighting
 + Level 3.0 Long Blades
 - Level 4.0 Dodging
 - Level 4.6 Stealth
 - Level 3.0 Spellcasting
 - Level 4.0 Conjurations
 + Level 3.3 Air Magic
 - Level 1.0 Evocations


You had 10 spell levels left.
You knew the following spells:

 Your Spells              Type           Power      Damage    Failure   Level
a - Shock                 Conj/Air       84%        1d8       4%          1
b - Static Discharge      Conj/Air       42%        2-4/arc   6%          2

Your spell library contained the following spells:

 Spells                   Type           Power      Damage    Failure   Level
 Sublimation of Blood     Necr           3%         N/A       28%         2
 Wereblood                Tmut           3%         N/A       28%         2
 Summon Hydra             Summ           1%         N/A       100%        7


Dungeon Overview and Level Annotations

Branches:
Dungeon (6/15) Zot: 26499
 Temple: D:4-7

Altars:
Kikubaaqudgha
Okawaru
Ru
Sif Muna
Trog
Vehumet

Shops:
D:2 [

Annotations:
D:4 Edmund, Grinder, Natasha
D:6 Eustachio


Innate Abilities, Weirdness & Mutations

You can spit globs of acid.
Your golden yellow scales are hard. (AC +6)
You cannot fit into any form of body armour.
You are cold-blooded and may be slowed by cold attacks.
You are resistant to acid. (rCorr)


Message History

You climb upwards.
Level annotation: exclusion: acid dragon
There is a stone staircase leading down here.
Unknown command.
You see here the human skeleton of Prince Ribbit.
You start waiting.
An orc comes into view. It is wielding a +0 flail.
Casting: Shock (safe; 4% risk of failure)
Confirm with . or Enter, or press ? or * to list all spells.
Aiming: Shock (safe; 4% risk of failure)
Press: ? - help, Shift-Dir - straight line, f - orc
Aim: an orc, wielding a +0 flail (68% to hit)
The zap hits the orc.
The orc is severely wounded.
You now have 10/11 mp.
Casting: Shock (safe; 4% risk of failure)
Confirm with . or Enter, or press ? or * to list all spells.
Aiming: Shock (safe; 4% risk of failure)
Press: ? - help, Shift-Dir - straight line, f/p - orc
Aim: an orc, wielding a +0 flail (severely wounded, 68% to hit)
The zap hits the orc.
You kill the orc!
Vehumet accepts your kill.
You feel your power returning.
You start resting.
Magic restored.
MP restored: 11 You start waiting.
The sentinel's mark upon you fades away.
b - a +0 dagger (weapon)
Really walk into a travel-excluded area?
The helpless acid dragon fails to defend itself.
You impale the acid dragon!!
The acid dragon is severely wounded.
The acid dragon closely misses you.
The acid dragon claws you but does no damage.
a - a +0 falchion (weapon)
The acid dragon spits acid at you. The splash of acid hits you! You resist.
The acid corrodes you!
You take 11 damage, and have 51/62 hp.
You hit the acid dragon.
The acid dragon is almost dead.
The acid dragon misses you.
The acid dragon claws you but does no damage.
You hit the acid dragon.
You kill the acid dragon!
Vehumet accepts your kill.
Training target 6.0 for Fighting reached!
Your Fighting skill increases to level 6!
You need to enable at least one skill for training.
Your Long Blades skill increases to level 3!
You have reached level 8!
You feel stronger.
You regained 8 hp, and now have 59/70 hp.
MP restored: 12
Press: ? - help, v - describe, . - travel The floor, spattered with blood.
Reduced exclusion size to a single square.
Removed exclusion.
You now have 169 gold pieces (gained 12).
You are no longer corroded.
HP restored.
e - 2 silvery potions (gained 1) Done exploring.
Health restored: 70 Done exploring.
Done exploring.
Done exploring.
Done exploring.
(D) Dungeon
Where to? (Enter - D:6, ? - help)
You see here the human skeleton of Prince Ribbit.
There is a stone staircase leading down here.
You climb downwards.
Level annotation: Eustachio
There is a stone staircase leading up, spattered with blood here.
A steam dragon is nearby!
You slash the steam dragon!
The steam dragon is moderately wounded.
A bullfrog comes into view.
The steam dragon misses you.
The steam dragon claws you but does no damage.
The steam dragon bites you.
The steam dragon claws you but does no damage.
You climb upwards.
There is a stone staircase leading down here.
You take 3 damage, and have 67/70 hp.
You hit the steam dragon but do no damage.
You tail-slap the steam dragon.
The steam dragon is heavily wounded.
The steam dragon bites you but does no damage.
The steam dragon claws you.
You barely miss the steam dragon. You tail-slap the steam dragon.
The steam dragon is heavily wounded.
The steam dragon breathes steam at you. The ball of steam hits you!
You take 13 damage, and have 54/70 hp.
Press: ? - help, Shift-Dir - straight line, f - steam dragon
Aim: a steam dragon (heavily wounded, catching its breath, 64% to hit)
Okay, then.
Unknown command.
Press: ? - help, Shift-Dir - straight line, f - steam dragon
Aim: a steam dragon (heavily wounded, catching its breath, 64% to hit)
You spit a glob of acid.
The glob of acid misses the steam dragon.
You are engulfed in a cloud of scalding steam.
The steam dragon misses you.
The steam dragon claws you but does no damage.
You take 1 damage, and have 53/70 hp.
You barely miss the steam dragon.
The steam dragon is heavily wounded.
You are engulfed in a cloud of scalding steam.
The steam dragon bites you but does no damage.
The steam dragon barely misses you.
You take 5 damage, and have 48/70 hp.
You slash the steam dragon!
The steam dragon is almost dead.
You are engulfed in a cloud of scalding steam.
The steam dragon bites you! The steam dragon claws you.
You take 12 damage, and have 36/70 hp.
You hit the steam dragon but do no damage.
Your tail-slap misses the steam dragon.
The steam dragon is almost dead.
You are engulfed in a cloud of scalding steam.
The steam dragon bites you!
* * * LOW HITPOINT WARNING * * *
The steam dragon barely misses you. The steam dragon breathes steam at you.
The ball of steam hits you!
* * * LOW HITPOINT WARNING * * *
You take 22 damage, and have 14/70 hp.
MASSIVE DAMAGE!!
You closely miss the steam dragon.
The steam dragon is almost dead.
The steam dragon closely misses you. The steam dragon completely misses you.
You hit the steam dragon but do no damage.
The steam dragon is almost dead.
The steam dragon bites you.
* * * LOW HITPOINT WARNING * * *
The steam dragon claws you.
* * * LOW HITPOINT WARNING * * *
You take 10 damage, and have 5/70 hp.
It was a potion of attraction.
You feel attractive to monsters.
The steam dragon bites you but does no damage.
The steam dragon claws you but does no damage.
It was a potion of brilliance.
You feel clever all of a sudden. The steam dragon breathes steam at you.
The ball of steam hits you!
You die...

..#####.##..## ####...# ..#
#......####......#### ..#
######...#..........# ..#
##.............# # .##
##.#..........# ##
.#############.#..........######.
.............#.............>.....
#######......^..D.........#####..
.# #.........@....##########.. .#
####.........#รท.......##......
.# #.............................
.# ###..........##...............
.######.........##...............
........................)........
.######..........#.........>.....
.................................
..########.......................


You could see a steam dragon (catching breath).

Vanquished Creatures
  Prince Ribbit (D:5)
  An acid dragon (D:5)
  An ogre (D:5)
  A centaur (D:6)
  A phantom (D:5)
  3 scorpions
  2 jellies (D:5)
  3 orc priests
  2 sleepcaps
  4 iguanas
  An orc wizard (D:5)
  3 adders
  A white imp (D:5)
  2 dart slugs
  7 orcs
  2 bats
  3 endoplasms
  3 giant cockroaches
  2 goblins (D:1)
  7 hobgoblins
  3 jackals (D:4)
  2 quokkas (D:1)
  3 ball pythons
  3 frilled lizards
  3 kobolds (D:1)
  2 rats
66 creatures vanquished.

Notes
Turn   | Place    | Note
-------+----------+-------------------------------------------
     0 | D:5      | mdonais the Draconian Delver began the quest for the Orb.
     0 | D:5      | Reached XP level 1. HP: 19/19 MP: 1/1
     2 | D:5      | Noticed a sleepcap
    13 | D:5      | Noticed an orc priest
   412 | D:2      | Noticed an iguana
   561 | D:1      | Reached XP level 2. HP: 26/26 MP: 2/2
  1196 | D:1      | Found a faded altar of an unknown god.
  1347 | D:2      | Reached XP level 3. HP: 33/33 MP: 3/3
  1386 | D:1      | Prayed at the altar of an unknown god.
  1386 | D:1      | Became a worshipper of Vehumet
  1386 | D:1      | Reached * piety under Vehumet
  1386 | D:1      | Offered knowledge of Shock by Vehumet.
  1389 | D:1      | Learned a level 1 spell: Shock
  1573 | D:2      | Reached skill level 1 in Conjurations
  1804 | D:2      | Reached skill level 1 in Spellcasting
  1804 | D:2      | Reached skill level 1 in Air Magic
  1804 | D:2      | Reached XP level 4. HP: 35/40 MP: 1/5
  1882 | D:2      | Found Plog's Armour Boutique.
  2355 | D:3      | Found a bloodstained altar of Trog.
  2543 | D:3      | Found a faded altar of an unknown god.
  2547 | D:3      | Found a sacrificial altar of Ru.
  2985 | D:4      | Found an ancient bone altar of Kikubaaqudgha.
  3031 | D:4      | Noticed Natasha
  3127 | D:4      | Noticed a scorpion
  3136 | D:4      | Killed a scorpion
  3137 | D:4      | Reached XP level 5. HP: 45/46 MP: 6/6
  3199 | D:4      | Noticed Edmund
  3336 | D:4      | Noticed an ogre
  3565 | D:4      | Found an iron altar of Okawaru.
  3647 | D:4      | Noticed Grinder
  3724 | D:5      | Found a shimmering blue altar of Sif Muna.
  3779 | D:5      | Noticed a phantom
  3960 | D:5      | Killed a phantom
  3961 | D:5      | Reached XP level 6. HP: 43/52 MP: 9/9
  4040 | D:5      | Reached skill level 1 in Evocations
  4139 | D:5      | Reached skill level 4 in Fighting
  4343 | D:5      | Noticed an acid dragon
  4424 | D:5      | Your scales start taking on a golden yellow colour.
  4424 | D:5      | Reached XP level 7. HP: 36/60 MP: 10/10
  4424 | D:5      | Gained mutation: You are resistant to acid. (rCorr) [Yellow
                  | Draconian growth]
  4734 | D:5      | Reached skill level 5 in Fighting
  5070 | D:6      | Noticed Prince Ribbit
  5083 | D:5      | Killed Prince Ribbit
  5199 | D:6      | Offered knowledge of Static Discharge by Vehumet.
  5203 | D:6      | Learned a level 2 spell: Static Discharge
  5258 | D:6      | Reached ** piety under Vehumet
  5409 | D:6      | Noticed Eustachio
  5434 | D:6      | Noticed a steam dragon
  5497 | D:5      | Reached skill level 6 in Fighting
  5497 | D:5      | Reached XP level 8. HP: 59/70 MP: 12/12
  5565 | D:5      | Killed from afar by a steam dragon

Illustrated notes

Levels and vault maps discovered:
D:1:      erik_arrival_triangle_small, layout_basic,
          hellmonk_ecumenical_altar_prayer_group
D:2:      layout_basic, serial_shops, shop
D:3:      layout_basic, nicolae_overflow_ecumenical_swirl,
          mainiacjoe_overflow_paths
D:4:      layout_gridville, mainiacjoe_overflow_surrounded_room,
          mainiacjoe_overflow_alcove_1, uniq_grinder, uniq_edmund, uniq_natasha
D:5:      layout_rooms, lemuel_doored_altar
D:6:      layout_gridville, dreamdust_mushroom_princess, corexii_shack,
          serial_park_tiny_2, uniq_eustachio, uniq_prince_ribbit1

Skill      XL: |  1  2  3  4  5  6  7 |
---------------+----------------------+-----
Dodging        | 2 4 |  4.0
Conjurations   | 1 2 3 4 |  4.0
Spellcasting   | 1 2 3 |  3.0
Air Magic      | 1 2 3 |  3.3
Evocations     | 1 |  1.0
Fighting       | 4 6 |  6.0
Long Blades    | 3 |  3.0
Stealth        | |  4.6

Action                     |  1- 3 |  4- 6 |  7- 9 || total
---------------------------+-------+-------+-------++-------
  Melee: Falchion          |    72 |    56 |    30 ||   158
         Tailslap          |    10 |    12 |     5 ||    27
         Dagger            |       |     1 |     1 ||     2
         Punch             |       |     1 |       ||     1
  Throw: Dart              |     8 |     5 |     2 ||    15
         Boomerang         |       |     5 |     2 ||     7
         Throwing net      |       |     1 |       ||     1
   Cast: Shock             |     6 |    61 |    46 ||   113
Ability: Breathe Acid      |       |       |     4 ||     4
  Evoke: Wand              |     1 |       |       ||     1
    Use: Potion            |     1 |       |     2 ||     3
         Scroll            |       |     1 |       ||     1
   Stab: Sleeping          |     7 |     1 |     2 ||    10
 Armour: Skin              |    23 |    31 |    13 ||    67
  Dodge: Dodged            |    56 |    40 |    25 ||   121

Table legend: (Time is in decaauts)
 A = Elapsed time spent in this place.
 B = Non-inter-level travel time spent in this place.
 C = Inter-level travel time spent in this place.
 D = Time resting spent in this place.
 E = Time spent auto-exploring this place.
 F = Levels seen in this place.
 G = Mean time per level.
                   A        B        C        D        E       F      G
               +--------+--------+--------+--------+--------+-----+--------+
         Total |   5577 |   5274 |    303 |    932 |   2750 |   6 |  929.5 |
       Dungeon |   5577 |   5274 |    303 |    932 |   2750 |   6 |  929.5 |
               +--------+--------+--------+--------+--------+-----+--------+

Top non-repeatable levels by time:
     D:5: 1550 daAuts
     D:4: 1145 daAuts
     D:1: 1134 daAuts
     D:2: 765 daAuts
     D:3: 714 daAuts
     D:6: 267 daAuts
